[Event "Team 45 45 League T37"]
[Site "Internet Chess Club"]
[Date "2008.05.05"]
[Round "2"]
[White "ffplayer"]
[Black "MrSlippery"]
[Result "0-1"]
[WhiteElo "1125"]
[BlackElo "1301"]
[Opening "Queen's pawn: English defense"]
[ECO "A40"]
[Time "15:58:59"]
[TimeControl "2700+45"]

1. d4 b6 2. c4 Bb7 3. Nc3 g6 4. e4 Bg7 5. Nf3 e6 6. Bd3 Ne7 7. Be3 d6 8. Qd2 h6
9. O-O Nd7 10. d5 c6 11. Bc2 Bxc3 12. Qxc3 e5 13. Qd2 g5 14. b4 cxd5 15. cxd5 f5
16. Qc1 Rc8 17. Qd1 O-O 18. h4 f4 19. Bd2 g4 20. Ne1 h5 21. g3 Ng6 22. Ng2 Ba6
23. Re1 fxg3 24. fxg3 Rf3 25. Re3 Rf1+ 26. Qxf1 Bxf1 27. Kxf1 Rxc2 28. Be1 Qf8+
29. Kg1 Nf6 30. Rc3 Re2 31. Rac1 Ne8 32. Rc8 Rxa2 33. Ne3 Ne7 34. R8c4 Qf3 35.
R4c3 Nf6 36. b5 Nxe4 37. Rb3 Nxg3 38. Bxg3 Qxg3+ 39. Kf1 Qf2# {White checkmated}
0-1

[Event "Team 45 45 League T37"]
[Site "Internet Chess Club"]
[Date "2008.05.04"]
[Round "2"]
[White "ticopatzer"]
[Black "scar99"]
[Result "1-0"]
[WhiteElo "1405"]
[BlackElo "1282"]
[Opening "King's Indian: fianchetto, classical variation"]
[ECO "E67"]
[Time "12:02:13"]
[TimeControl "2700+45"]

1. d4 Nf6 2. c4 g6 3. Nc3 Bg7 4. g3 O-O 5. Bg2 d6 6. Nf3 Nbd7 7. O-O e5 8. d5
Nb6 9. Qd3 Bf5 10. e4 Bd7 11. a4 Ne8 12. a5 Nc8 13. Be3 f5 14. Ng5 h6 15. Ne6
Bxe6 16. dxe6 c6 17. c5 Qf6 18. Qc4 Ne7 19. cxd6 Nxd6 20. Qb3 f4 21. Bc5 Nb5 22.
Nxb5 cxb5 23. Rad1 Rad8 24. Rd7 Rde8 25. gxf4 exf4 26. e5 Qg5 27. f3 Bxe5 28.
Rxb7 Rf7 {Black resigns} 1-0

[Event "Team 45 45 League T37"]
[Site "Internet Chess Club"]
[Date "2008.05.01"]
[Round "2"]
[White "Kalar-Yadwa"]
[Black "t-hobbes"]
[Result "0-1"]
[WhiteElo "1338"]
[BlackElo "1343"]
[Opening "QGD: 4.Nf3"]
[ECO "D37"]
[Time "12:44:02"]
[TimeControl "2700+45"]

1. d4 d5 2. c4 e6 3. Nc3 Nf6 4. Nf3 Be7 5. cxd5 exd5 6. Bg5 O-O 7. e3 Nc6 8. Bd3
h6 9. Bf4 Nb4 10. Bb1 b6 11. a3 Nc6 12. O-O Ba6 13. Re1 Na5 14. Qc2 c5 15. Be5
g6 16. Nh4 Ne4 17. Nxg6 fxg6 18. Nxe4 dxe4 19. Qxe4 Rf5 20. g4 Bb7 21. Ba2+ Kh7
22. d5 Rf8 23. Bb1 Qe8 24. f4 Qf7 25. Ba2 c4 26. Rad1 Rad8 27. b4 Nb3 28. Qxc4
Bxd5 29. Qc3 a5 30. Bb1 Rc8 31. Qd3 Bc4 32. Qd7 Bh4 33. Bxg6+ Kxg6 34. Rd6+ Kh7
35. Red1 Qxd7 36. Rxd7+ Kg8 37. Rg7+ Kh8 38. Rdd7 Bf6 39. Rh7+ Kg8 40. Bxf6 Rxf6
41. Rdg7+ Kf8 42. g5 hxg5 43. Rxg5 Bg8 44. Rh8 Kf7 45. h4 Rg6 46. Rh5 Nd2 47.
Rxg6 Kxg6 48. Rg5+ Kf6 49. h5 Nf3+ 50. Kg2 Nxg5 51. fxg5+ Kxg5 {White resigns}
0-1

[Event "Team 45 45 League T37"]
[Site "Internet Chess Club"]
[Date "2008.05.01"]
[Round "2"]
[White "rshea11"]
[Black "albacore"]
[Result "0-1"]
[WhiteElo "1322"]
[BlackElo "1340"]
[Opening "Queen's pawn: Charlick (Englund) gambit"]
[ECO "A40"]
[Time "19:00:13"]
[TimeControl "2700+45"]

1. d4 e5 2. dxe5 Nc6 3. Nf3 Qe7 4. Bf4 Qb4+ 5. Nc3 Qxf4 6. e3 Qh6 7. Bc4 Bb4 8.
O-O Bxc3 9. bxc3 Qh5 10. Qd5 Nge7 11. Qe4 Ng6 12. Rad1 Ngxe5 13. Nxe5 Qxe5 14.
Qf3 O-O 15. Rd5 Qe7 16. Rfd1 d6 17. h3 Be6 18. Qe4 Bxd5 19. Qxe7 Nxe7 20. Bxd5
Nxd5 21. Rxd5 g6 22. f4 Rfe8 23. Kf2 Re4 24. Ke2 Rae8 25. Rd3 Ra4 26. Kf3 Rxa2
27. Rd2 Ra4 28. Kg4 f5+ 29. Kg5 Rae4 30. g4 Rxe3 31. gxf5 gxf5 32. Kf6 Rf8+ 33.
Kg5 Rxh3 34. c4 Rg3+ 35. Kh4 Rg4+ 36. Kh5 Rf6 37. Rxd6 Rxd6 {White resigns} 0-1

[Event "Team 45 45 League T37"]
[Site "Internet Chess Club"]
[Date "2008.05.06"]
[Round "2"]
[White "john-beebs"]
[Black "bjc"]
[Result "1-0"]
[WhiteElo "1544"]
[BlackElo "1299"]
[Opening "Sicilian: O'Kelly variation"]
[ECO "B28"]
[Time "11:31:00"]
[TimeControl "2700+45"]

1. e4 c5 2. Nf3 a6 3. Nc3 Nc6 4. d4 cxd4 5. Nxd4 e5 6. Nxc6 bxc6 7. Bc4 Nf6 8.
Qf3 Bb7 9. O-O Be7 10. Qg3 O-O 11. Qxe5 d6 12. Qg3 d5 13. exd5 cxd5 14. Be2 Bd6
15. Bf4 Bxf4 16. Qxf4 Rc8 17. Rad1 Re8 18. Bf3 Rc4 19. Qxc4 dxc4 20. Rxd8 Rxd8
21. Bxb7 Rb8 22. Rd1 h6 23. Bxa6 Rxb2 24. Bxc4 Rxc2 25. Rd8+ Kh7 26. Bd3+ g6 27.
Bxc2 {Black resigns} 1-0

[Event "Team 45 45 League T37"]
[Site "Internet Chess Club"]
[Date "2008.05.05"]
[Round "2"]
[White "Werzy"]
[Black "curtintime"]
[Result "1-0"]
[WhiteElo "1371"]
[BlackElo "1382"]
[Opening "Evans gambit: 5...Be7"]
[ECO "C51"]
[Time "20:10:36"]
[TimeControl "2700+45"]

1. e4 e5 2. Nf3 Nc6 3. Bc4 Bc5 4. b4 Bxb4 5. c3 Be7 6. Qb3 Nh6 7. d4 Na5 8. Qb5
Nxc4 9. Qxc4 exd4 10. cxd4 d6 11. h3 Qd7 12. Nc3 Qc6 13. Qd3 Qd7 14. O-O f5 15.
e5 dxe5 16. Nxe5 Qe6 17. Re1 Bd7 18. Bg5 O-O-O 19. Nf3 Qg6 20. Rxe7 Rde8 21.
Rxd7 Kxd7 22. Ne5+ Rxe5 23. dxe5+ Kc8 24. Bh4 Re8 25. Rd1 Nf7 26. Qd7+ {Black
resigns} 1-0

[Event "Team 45 45 League T37"]
[Site "Internet Chess Club"]
[Date "2008.05.02"]
[Round "2"]
[White "slakkjaw"]
[Black "ckak0202"]
[Result "1-0"]
[WhiteElo "1259"]
[BlackElo "1278"]
[Opening "Queen's pawn game, Chigorin variation"]
[ECO "A40"]
[Time "21:42:20"]
[TimeControl "2700+45"]

1. d4 Nc6 2. Nf3 d5 3. c4 Bg4 4. Nbd2 e6 5. e4 Nf6 6. e5 Bxf3 7. Nxf3 Bb4+ 8.
Bd2 Bxd2+ 9. Nxd2 Nd7 10. Nf3 O-O 11. Bd3 Nb4 12. Be2 c5 13. a3 Nc6 14. Rc1 Nxd4
15. Nxd4 cxd4 16. cxd5 exd5 17. Qxd4 Qg5 18. f4 Qxg2 19. Rg1 Qe4 20. Qxe4 dxe4
21. Rc7 Nb6 22. Rxb7 Rfc8 23. Kf2 Rcb8 24. Rxb8+ Rxb8 25. Rb1 Rc8 26. Rd1 g6 27.
Ke3 Rc2 28. Rd2 Rc1 29. Kxe4 Nc4 30. Bxc4 Rxc4+ 31. Kf3 h6 32. Rg2 Kf8 33. e6
Rc1 34. exf7 Kxf7 35. Rd2 Rf1+ 36. Kg4 Rg1+ 37. Kf3 Rf1+ 38. Rf2 Rd1 39. Ke4
Re1+ 40. Kd5 Kf6 41. Kd4 Kf5 42. Kd3 Re4 43. b4 Rxf4 44. Rxf4+ Kxf4 45. Ke2 g5
46. Kf1 Kf3 47. Kg1 h5 48. a4 g4 49. a5 h4 50. b5 h3 51. b6 axb6 52. axb6 g3 53.
hxg3 Kxg3 54. Kh1 h2 55. b7 Kh3 56. b8=Q Kg4 57. Qxh2 Kf3 58. Kg1 Ke4 59. Qg3
Kd5 60. Kf2 Kd4 61. Ke2 Ke4 62. Qd3+ Ke5 63. Ke3 Ke6 64. Qd4 Kf5 65. Qe4+ Kf6
66. Kf4 Kf7 67. Qe5 Kg6 68. Qf5+ Kh6 69. Qg5+ Kh7 70. Kf5 Kh8 71. Kf6 Kh7 72.
Qg7# {Black checkmated} 1-0

[Event "Team 45 45 League T37"]
[Site "Internet Chess Club"]
[Date "2008.05.05"]
[Round "2"]
[White "CSCARChaplain"]
[Black "jocooper"]
[Result "0-1"]
[WhiteElo "794"]
[BlackElo "1172"]
[Opening "Pirc: classical (two knights) system"]
[ECO "B08"]
[Time "19:58:29"]
[TimeControl "2700+45"]

1. e4 d6 2. d4 Nf6 3. Nc3 g6 4. Nf3 Bg7 5. Bc4 O-O 6. O-O c6 7. Bf4 Nbd7 8. Re1
b5 9. Bb3 Nh5 10. Qd2 Nxf4 11. Qxf4 e5 12. Qd2 Nf6 13. d5 b4 14. Nb1 c5 15. c3
a5 16. c4 Ng4 17. a3 Bh6 18. Qc2 Bb7 19. h3 Nf6 20. Nbd2 Rb8 21. a4 Nh5 22. Nf1
Nf4 23. Qd2 Nxh3+ {White resigns} 0-1

[Event "Team 45 45 League T37"]
[Site "Internet Chess Club"]
[Date "2008.05.04"]
[Round "2"]
[White "Visin"]
[Black "uipawn"]
[Result "1-0"]
[WhiteElo "1321"]
[BlackElo "1220"]
[Opening "Sicilian: Taimanov variation"]
[ECO "B46"]
[Time "16:05:37"]
[TimeControl "2700+45"]

1. e4 c5 2. Nf3 Nc6 3. d4 cxd4 4. Nxd4 e6 5. Nc3 a6 6. g3 Nf6 7. Bg2 e5 8. Nb3
Bb4 9. Bd2 O-O 10. O-O a5 11. Nd5 Bxd2 12. Qxd2 h6 13. Rad1 d6 14. a3 a4 15. Nc1
Be6 16. Nxf6+ Qxf6 17. Qxd6 Rfd8 18. Qc5 Rxd1 19. Rxd1 Rd8 20. Rxd8+ Qxd8 21.
Nd3 f6 22. f4 Qd4+ 23. Qxd4 Nxd4 24. c3 Nc6 25. Nc5 Bc8 26. Nxa4 Na5 27. Nb6 Be6
28. b4 Nc4 29. Nxc4 Bxc4 30. Bf1 Bxf1 31. Kxf1 Kf7 32. Ke2 Ke6 33. Kd3 exf4 34.
gxf4 f5 35. c4 g5 36. fxg5 hxg5 37. exf5+ Kxf5 38. Ke3 Kg4 39. Kf2 Kf5 40. c5
Ke5 41. Kf3 Kf5 42. b5 g4+ 43. Kg3 Ke5 44. c6 bxc6 45. bxc6 Kd6 46. Kxg4 Kxc6
47. h4 Kd6 48. Kg5 Ke6 49. a4 Kd6 50. h5 Kc5 51. h6 Kb4 52. h7 Kxa4 53. h8=Q Kb4
54. Qc8 Kb5 55. Kf5 Kb4 56. Ke5 Kb5 57. Kd5 Kb4 58. Qc5+ Kb3 59. Kd4 Ka4 60. Qb6
Ka3 61. Kc3 Ka4 62. Qb4# {Black checkmated} 1-0

[Event "Team 45 45 League T37"]
[Site "Internet Chess Club"]
[Date "2008.05.04"]
[Round "2"]
[White "gsloan"]
[Black "smcintyr11"]
[Result "0-1"]
[WhiteElo "1172"]
[BlackElo "1197"]
[Opening "Two knights defense"]
[ECO "C55"]
[Time "12:29:43"]
[TimeControl "2700+45"]

1. e4 e5 2. Nf3 Nc6 3. Bc4 Nf6 4. d4 d6 5. dxe5 dxe5 6. Qxd8+ Kxd8 7. Ng5 Ke7 8.
Nxf7 Rg8 9. Ng5 Nd4 10. Na3 Rh8 11. Nf7 Be6 12. Bxe6 Kxe6 13. Nxh8 Bxa3 14. Kd2
Bc5 15. f3 Rd8 16. Kc3 Nd7 17. b4 Bxb4+ 18. Kxb4 Nxc2+ 19. Kb3 Nxa1+ 20. Kb2
Rxh8 21. Kxa1 h6 22. Be3 b6 23. Rc1 c5 24. Kb2 Kd6 25. Rd1+ Kc6 26. Kb3 Rf8 27.
Rd5 Rf6 28. g3 Rxf3 29. Rd3 Nf6 30. Kc4 Ng4 31. Bxh6 Rxd3 32. Kxd3 Nxh6 {White
resigns} 0-1

[Event "Team 45 45 League T37"]
[Site "Internet Chess Club"]
[Date "2008.05.04"]
[Round "2"]
[White "rpgrossman"]
[Black "anatolybcn"]
[Result "0-1"]
[WhiteElo "1108"]
[BlackElo "1226"]
[Opening "Réti: King's Indian attack"]
[ECO "A08"]
[Time "15:57:24"]
[TimeControl "2700+45"]

1. Nf3 d5 2. g3 c5 3. Bg2 Nc6 4. O-O Nf6 5. c3 e5 6. d3 Bf5 7. Nh4 Be6 8. Be3
Be7 9. Nd2 b6 10. d4 e4 11. dxc5 bxc5 12. a3 c4 13. b4 Nh5 14. Rb1 Bxh4 15. gxh4
Qxh4 16. Qa4 Bd7 17. Qb5 Ne7 18. Qb7 Bc6 19. Qc7 a6 20. Qb6 O-O 21. Bc5 Nf4 22.
Bxe7 Qg4 23. Bxf8 Qxg2# {White checkmated} 0-1

[Event "Team 45 45 League T37"]
[Site "Internet Chess Club"]
[Date "2008.05.04"]
[Round "2"]
[White "tcianciola"]
[Black "Daidalos"]
[Result "0-1"]
[WhiteElo "1061"]
[BlackElo "1036"]
[Opening "Lengfellner system"]
[ECO "C01"]
[Time "08:40:06"]
[TimeControl "2700+45"]

1. d4 e6 2. e4 d6 3. Nf3 Be7 4. Bd3 c6 5. O-O Nf6 6. Re1 Nfd7 7. Bf4 Bf6 8. Bxd6
e5 9. Nxe5 Nxe5 10. dxe5 Be7 11. Bc4 Bxd6 12. exd6 Nd7 13. Qf3 Ne5 14. Qc3 Qf6
15. Be2 Nd7 16. Rd1 Qxc3 17. Nxc3 O-O 18. f4 b5 19. e5 Nc5 20. b4 Nd7 21. Bg4
Re8 22. Re1 Kf8 23. Rad1 g6 24. f5 Nxe5 25. Bf3 Nxf3+ 26. gxf3 Bxf5 27. Rd2 Bd7
28. Ne4 Kg7 29. Nc5 Rxe1+ 30. Kg2 Rd8 31. Kf2 Re5 32. Ne4 h6 33. f4 Rxe4 {White
resigns} 0-1

[Event "Team 45 45 League T37"]
[Site "Internet Chess Club"]
[Date "2008.05.01"]
[Round "2"]
[White "bjc"]
[Black "reverendjim"]
[Result "0-1"]
[WhiteElo "1306"]
[BlackElo "1202"]
[Opening "Caro-Kann: advance variation"]
[ECO "B12"]
[Time "22:03:30"]
[TimeControl "2700+45"]

1. e4 c6 2. d4 d5 3. e5 Bf5 4. Nf3 e6 5. Be2 c5 6. c3 Ne7 7. Bg5 Qb6 8. b3 Nec6
9. O-O Be7 10. Be3 O-O 11. Nbd2 cxd4 12. Nxd4 Nxd4 13. Bxd4 Bc5 14. Nf3 h6 15.
Nh4 Bh7 16. Kh1 Bxd4 17. cxd4 Nc6 18. Nf3 Be4 19. Bd3 Bxf3 20. Qxf3 Nxd4 21. Qg3
Rac8 22. f4 f5 23. Rae1 Kh7 24. h4 Qa5 25. h5 Qxa2 26. Qg6+ Kg8 27. g4 Qxb3 28.
Bb1 fxg4 29. Qxg4 Nf5 30. Rg1 Rc3 31. Kh2 Rf7 32. Re2 Re3 33. Reg2 Rg3 34. Rxg3
Nxg3 35. Rxg3 Qxb1 36. Qxe6 Qc2+ 37. Kh3 Qf5+ 38. Qxf5 Rxf5 39. e6 Rxf4 40. e7
Re4 41. Rd3 Rxe7 42. Rxd5 Kf7 43. Kg4 Kf6 44. Rf5+ Ke6 45. Kf4 Rf7 46. Rxf7 Kxf7
47. Kf5 a5 {White resigns} 0-1

[Event "Team 45 45 League T37"]
[Site "Internet Chess Club"]
[Date "2008.05.04"]
[Round "2"]
[White "chips"]
[Black "Duck-Man"]
[Result "1-0"]
[WhiteElo "1122"]
[BlackElo "1159"]
[Opening "Petrov three knights game"]
[ECO "C26"]
[Time "22:04:35"]
[TimeControl "2700+45"]

1. e4 e5 2. Nc3 Nf6 3. Nf3 d6 4. a3 Be7 5. Bb5+ c6 6. Bc4 O-O 7. Ba2 Nbd7 8. d3
Nc5 9. Be3 Be6 10. Bxc5 Bxa2 11. Bxd6 Bxd6 12. Rxa2 Re8 13. O-O Qd7 14. Ra1 Bc5
15. Na4 Bd4 16. c3 Bb6 17. Nxb6 axb6 18. Qc2 Qg4 19. h3 Qg6 20. Qd2 h6 21. Nh4
Qh5 22. Nf5 Rad8 23. Qe3 c5 24. Ng3 Qg6 25. Rfd1 Nh5 26. Nxh5 Qxh5 27. Qf3 Qg6
28. Kh2 Re6 29. Qg3 Qxg3+ 30. Kxg3 c4 31. dxc4 Rxd1 32. Rxd1 Rc6 33. b3 Rg6+ 34.
Kh2 Rf6 35. f3 Kf8 36. Rd7 g5 37. Rxb7 Kg7 38. Rd7 Kg6 39. Rd5 Re6 40. c5 bxc5
41. Rxc5 Rd6 42. Rd5 Ra6 43. a4 Kf6 44. c4 Ke6 45. Kg3 Rb6 46. Rb5 Rd6 47. a5
Ra6 48. b4 Kd6 49. Rb6+ Rxb6 50. axb6 Kc6 51. c5 f6 52. Kg4 Kb5 53. b7 Kc6 54.
b8=Q f5+ 55. exf5 Kd5 56. f6 Kd4 57. f7 Ke3 58. Qxe5+ Kf2 59. Qb2+ Ke3 60. Qb3+
Kf2 61. f8=Q h5+ 62. Kxh5 g4 63. Kxg4 Kxg2 64. Qb2+ Kf1 65. Qd6 {Black resigns}
1-0

[Event "Team 45 45 League T37"]
[Site "Internet Chess Club"]
[Date "2008.05.03"]
[Round "2"]
[White "Skyler"]
[Black "king4aknight"]
[Result "1-0"]
[WhiteElo "1237"]
[BlackElo "1073"]
[Opening "Queen's pawn, Mason variation"]
[ECO "D00"]
[Time "09:59:09"]
[TimeControl "2700+45"]

1. d4 d5 2. Bf4 e6 3. e3 Nf6 4. c3 Nc6 5. Bd3 g6 6. Bg3 Nh5 7. f4 e5 8. fxe5 Qg5
9. Qf3 Bg4 10. Qf2 Be7 11. Nf3 Qh6 12. Nbd2 O-O-O 13. O-O-O Qf8 14. Rdg1 Na5 15.
h3 Bd7 16. Bh2 Ba4 17. g4 Ng7 18. Qg3 Ba3 19. Ng5 f5 20. exf6 Qxf6 21. Qxc7#
{Black checkmated} 1-0

[Event "Team 45 45 League T37"]
[Site "Internet Chess Club"]
[Date "2008.05.01"]
[Round "2"]
[White "kjs110"]
[Black "bowwrestler"]
[Result "1-0"]
[WhiteElo "1067"]
[BlackElo "954"]
[Opening "Sicilian defense"]
[ECO "B40"]
[Time "13:02:11"]
[TimeControl "2700+45"]

1. e4 c5 2. Nf3 e6 3. g3 d5 4. Nc3 d4 5. Ne2 Nc6 6. c3 dxc3 7. bxc3 Bd6 8. d4
cxd4 9. cxd4 Qc7 10. Bb2 f6 11. Rc1 e5 12. d5 Nge7 13. dxc6 bxc6 14. Bg2 O-O 15.
O-O Rb8 16. Qd2 Bb4 17. Bc3 Bc5 18. Ba5 Qd6 19. Qxd6 Bxd6 20. Rfd1 Ba3 21. Rc3
Bb4 22. Bxb4 Rxb4 23. Ne1 Rb2 24. Nc1 Bg4 25. Ned3 Rb1 26. f3 Be6 27. Nc5 Bc8
28. Ra3 a6 29. Nxa6 Bxa6 30. Rxa6 Rb7 31. Nd3 Rd8 32. Bh3 Rd6 33. Kf2 h5 34. Nc5
Rb2+ 35. Ke1 Rxd1+ 36. Kxd1 Rb1+ 37. Kd2 Rh1 38. Ra8+ Kh7 39. Bf5+ Nxf5 40. exf5
g6 41. fxg6+ Kxg6 42. h4 Rf1 43. Ke3 Rc1 44. Rg8+ Kh7 45. Ra8 Rxc5 46. Ke4 Kg6
47. a4 f5+ 48. Ke3 Rc3+ 49. Kd2 Rxf3 50. a5 Rxg3 51. a6 Rg2+ 52. Ke3 Rg3+ 53.
Kf2 f4 54. Rg8+ Kf5 55. Rxg3 e4 56. Rg5+ Kf6 57. a7 e3+ 58. Kf3 e2 59. Kxe2 c5
60. a8=Q c4 61. Qa1+ c3 62. Qxc3+ Ke6 63. Rxh5 Kd6 64. Qd3+ Ke6 65. Qe4+ Kf6 66.
Qxf4+ Ke6 67. Qf5+ Kd6 68. Rh6+ Ke7 69. Qf6+ Kd7 70. Rh7+ Ke8 71. Qe7# {Black
checkmated} 1-0

[Event "Team 45 45 League T37"]
[Site "Internet Chess Club"]
[Date "2008.05.05"]
[Round "2"]
[White "aifan376"]
[Black "vkpanch"]
[Result "0-1"]
[WhiteElo "1598"]
[BlackElo "1672"]
[Opening "Sicilian: accelerated fianchetto, modern variation"]
[ECO "B34"]
[Time "21:45:19"]
[TimeControl "2700+45"]

1. e4 c5 2. Nf3 Nc6 3. d4 cxd4 4. Nxd4 g6 5. Nc3 Bg7 6. Be3 Nf6 7. a3 d6 8. Bd3
Ng4 9. Nxc6 bxc6 10. Bd2 Qb6 11. Qf3 Qxb2 12. Rb1 Qxa3 13. Rb3 Qc5 14. Na4 Qh5
15. Bc4 Nf6 16. Qd3 Qg4 17. f3 Qxg2 18. Rf1 Qxh2 19. Bc3 Qg3+ 20. Ke2 O-O 21.
Rbb1 Nh5 22. Bd2 Qg2+ 23. Rf2 Ng3+ 24. Ke3 Bh6+ 25. f4 Qh3 26. Rf3 Bg4 27. Rg1
Bxf3 28. Kxf3 Nf5+ 29. Ke2 Qh2+ 30. Kf1 Nh4 31. Rg4 Qh1+ 32. Rg1 Qf3+ {White
resigns} 0-1

[Event "Team 45 45 League T37"]
[Site "Internet Chess Club"]
[Date "2008.05.04"]
[Round "2"]
[White "avila"]
[Black "Gamebler"]
[Result "0-1"]
[WhiteElo "1610"]
[BlackElo "1594"]
[Opening "Scandinavian (center counter) defense"]
[ECO "B01"]
[Time "11:04:07"]
[TimeControl "2700+45"]

1. e4 d5 2. exd5 Qxd5 3. Nc3 Qa5 4. Qf3 Nf6 5. h3 a6 6. Bc4 Nc6 7. Qd1 b5 8. Bb3
Nd4 9. Nf3 Nxb3 10. cxb3 Bb7 11. O-O e6 12. a3 Bd6 13. b4 Qb6 14. d4 O-O 15. Be3
Rfd8 16. d5 c5 17. dxc6 Qxc6 18. Qc2 h6 19. Rfd1 Rac8 20. Rac1 Nd5 21. Qe2 Nf4
22. Bxf4 Bxf4 23. Rxd8+ Rxd8 24. Rd1 Rxd1+ 25. Qxd1 Bc7 26. Qd3 e5 27. Qe3 Qe6
28. Qa7 Bxf3 29. Qxc7 Qg6 30. g4 Qc2 31. Qxe5 Qc1+ 32. Kh2 Qh1+ 33. Kg3 Qg2+ 34.
Kf4 Qh2+ 35. Kf5 Qxf2 36. Qf4 g5 37. Qb8+ Kh7 38. Ne4 Bxg4+ 39. Kxg4 f5+ 40. Kh5
Qh4# {White checkmated} 0-1

[Event "Team 45 45 League T37"]
[Site "Internet Chess Club"]
[Date "2008.05.05"]
[Round "2"]
[White "Caminator"]
[Black "scottrugby"]
[Result "1-0"]
[WhiteElo "1312"]
[BlackElo "1558"]
[Opening "Sicilian: Hungarian variation"]
[ECO "B34"]
[Time "21:02:49"]
[TimeControl "2700+45"]

1. e4 c5 2. Nf3 g6 3. d4 cxd4 4. Nxd4 Nc6 5. Be3 Nf6 6. Nc3 Bg7 7. f3 Qb6 8. Bb5
Nxe4 9. fxe4 Bxd4 10. Bxc6 Bxe3 11. Nd5 Qa5+ 12. b4 Qd8 13. Bxd7+ Qxd7 14. Nxe3
Qc6 15. Qd3 O-O 16. O-O b6 17. Nd5 Qd6 18. Rad1 Bb7 19. Nf6+ Kg7 20. Qxd6 exd6
21. Rxd6 Rfd8 22. Rxd8 Rxd8 23. g3 Ba6 24. Rf2 Rd1+ 25. Kg2 Bb7 26. Kh3 Rd4 27.
c3 Rc4 28. Ne8+ Kf8 29. Nd6 Bc8+ 30. Nxc8 Rxc8 31. Rf3 Rc4 32. Re3 a5 33. a3 Ke7
34. Kg2 Ke6 35. Kf3 f6 36. Kf4 h5 37. g4 g5+ 38. Kf3 h4 39. Ke2 Ke5 40. Kd3 b5
41. h3 a4 42. Rf3 Rc6 43. Rf5+ Ke6 44. Rxb5 Rd6+ 45. Rd5 Rxd5+ 46. exd5+ Kxd5
47. c4+ Ke5 48. b5 f5 49. b6 Kd6 50. gxf5 g4 51. Ke3 gxh3 52. Kf2 {Black
resigns} 1-0

[Event "Team 45 45 League T37"]
[Site "Internet Chess Club"]
[Date "2008.04.30"]
[Round "2"]
[White "Kingofknights"]
[Black "az2112"]
[Result "1-0"]
[WhiteElo "1811"]
[BlackElo "1702"]
[Opening "Budapest: Adler variation"]
[ECO "A52"]
[Time "21:32:51"]
[TimeControl "2700+45"]

1. d4 Nf6 2. c4 e5 3. dxe5 Ng4 4. Nf3 Bc5 5. e3 Nc6 6. a3 a5 7. Qd5 Qe7 8. Nc3
Ngxe5 9. Nxe5 Nxe5 10. Be2 O-O 11. b3 d6 12. Bb2 Be6 13. Qe4 f5 14. Qf4 g5 15.
Qg3 f4 16. exf4 Rxf4 17. O-O Raf8 18. Nd1 Ng4 19. Bxg4 Bxg4 20. Ne3 Be2 21. Nd5
Qf7 22. Qxg5+ Qg6 23. Ne7+ {Black resigns} 1-0

[Event "Team 45 45 League T37"]
[Site "Internet Chess Club"]
[Date "2008.05.01"]
[Round "2"]
[White "Chess2Play"]
[Black "klutzer"]
[Result "0-1"]
[WhiteElo "1621"]
[BlackElo "1639"]
[Opening "QGD: Chigorin defense"]
[ECO "D07"]
[Time "21:18:53"]
[TimeControl "2700+45"]

1. d4 d5 2. c4 Nc6 3. cxd5 Qxd5 4. e3 e5 5. Nc3 Bb4 6. Bd2 Bxc3 7. bxc3 Nf6 8.
Qc2 O-O 9. Nf3 e4 10. c4 Qh5 11. Ng1 Re8 12. g3 Bf5 13. Bg2 Nxd4 14. Qb2 Nf3+
15. Nxf3 exf3 16. Bf1 Be4 17. Bc3 Re6 18. O-O-O Rb6 19. Bb4 a5 20. Qd4 h6 21.
Be7 Rb1+ 22. Kd2 Rxd1+ 23. Kxd1 Ng4 24. Ke1 Qf5 25. Bh3 h5 26. Kd2 Qe6 27. Bh4
f6 28. Kc3 Qe7 29. Rb1 Bxb1 30. Bxg4 Qb4# {White checkmated} 0-1

[Event "Team 45 45 League T37"]
[Site "Internet Chess Club"]
[Date "2008.05.01"]
[Round "2"]
[White "beerss"]
[Black "NaoXidnan"]
[Result "0-1"]
[WhiteElo "1493"]
[BlackElo "1654"]
[Opening "Bird's opening"]
[ECO "A03"]
[Time "20:01:41"]
[TimeControl "2700+45"]

1. f4 d5 2. Nf3 Nc6 3. e3 g6 4. Bb5 Bg4 5. O-O a6 6. Bxc6+ bxc6 7. Qe1 Bg7 8.
Ne5 Bxe5 9. fxe5 e6 10. Qf2 Qe7 11. b3 Nh6 12. d3 Bh5 13. h3 g5 14. e4 dxe4 15.
dxe4 Rg8 16. Nc3 Rd8 17. Be3 Qb4 18. Na4 Qxe4 19. Nc5 Qxe5 20. Nxa6 Ra8 21. Nb4
Nf5 22. Rae1 Nxe3 23. Rxe3 Qd6 24. c3 g4 25. hxg4 Rxg4 26. Qf6 Rg8 27. Rd3 Qc5+
28. Kh1 Qg5 29. Qf2 Ra5 30. Nxc6 Rf5 31. Rd8+ Qxd8 32. Qxf5 exf5 33. Re1+ Kd7
34. Nxd8 Kxd8 35. Re5 Bg6 36. b4 Re8 37. Rd5+ Kc8 38. a3 Re1+ 39. Kh2 Rb1 40.
Kg3 Rb3 41. Rc5 Rxa3 42. Kf4 h5 43. g3 Ra1 {White resigns} 0-1

[Event "Team 45 45 League T37"]
[Site "Internet Chess Club"]
[Date "2008.05.03"]
[Round "2"]
[White "Toalla"]
[Black "Fineas-Fogg"]
[Result "0-1"]
[WhiteElo "1316"]
[BlackElo "1412"]
[Opening "Réti opening"]
[ECO "A04"]
[Time "13:09:26"]
[TimeControl "2700+45"]

1. Nf3 c5 2. g3 e6 3. Bg2 Nf6 4. d4 d5 5. c4 Nc6 6. e3 cxd4 7. exd4 Bb4+ 8. Bd2
Ne4 9. Bxb4 Nxb4 10. a3 Qa5 11. Nc3 Nc6 12. Rc1 dxc4 13. O-O Nxc3 14. Rxc3 O-O
15. Rxc4 Rd8 16. Re1 e5 17. Rc5 Qxc5 18. dxc5 Rxd1 19. Rxd1 Bg4 20. h3 Bh5 21.
Rd6 f6 22. Nh4 Rc8 23. b4 Be8 24. Nf5 Rd8 25. Rxd8 Nxd8 26. Ne7+ Kf7 27. Nc8 a6
28. Nd6+ Ke7 29. Bxb7 Nxb7 30. Nxb7 Bb5 31. Nd6 Kd7 32. f3 Kc6 33. Kf2 Kd5 34.
Ke3 g6 35. f4 Bd7 36. h4 f5 37. fxe5 Kxe5 38. Kd3 Kd5 39. Ke3 h6 40. Kf4 Ke6 41.
Nc4 Bc6 42. Ne5 g5+ 43. hxg5 hxg5+ 44. Kxg5 Kxe5 45. Kh4 Be4 46. Kh3 Kd5 47. Kh2
Kc4 48. Kg1 Kb3 49. Kf2 Kxa3 50. Ke3 Kxb4 51. Kd4 a5 52. g4 fxg4 53. Kxe4 Kxc5
{White resigns} 0-1

[Event "Team 45 45 League T37"]
[Site "Internet Chess Club"]
[Date "2008.05.05"]
[Round "2"]
[White "carolinaknight"]
[Black "CLEAN"]
[Result "0-1"]
[WhiteElo "1274"]
[BlackElo "1296"]
[Opening "Giuoco Piano"]
[ECO "C50"]
[Time "22:06:31"]
[TimeControl "2700+45"]

1. e4 e5 2. Nf3 Nc6 3. Bc4 Bc5 4. d4 Nxd4 5. Nxe5 Ne6 6. O-O Nf6 7. Nc3 c6 8.
Bg5 Nxg5 9. Qd2 Ne6 10. Rae1 O-O 11. Nf3 b5 12. Bb3 a5 13. Ne2 a4 14. Bxe6 dxe6
15. Qc3 Nxe4 16. Qe5 Qd5 17. Qf4 Bd6 18. Qc1 Rd8 19. Rd1 Qxa2 20. Nfd4 Bc5 21.
c3 a3 22. b4 Bxd4 23. Nxd4 e5 24. Nf5 Bxf5 {White resigns} 0-1

[Event "Team 45 45 League T37"]
[Site "Internet Chess Club"]
[Date "2008.05.01"]
[Round "2"]
[White "supraholic"]
[Black "furrbrain"]
[Result "1-0"]
[WhiteElo "1344"]
[BlackElo "1186"]
[Opening "French: advance, Paulsen attack"]
[ECO "C00"]
[Time "18:59:56"]
[TimeControl "2700+45"]

1. e4 e6 2. Nf3 d5 3. e5 c5 4. d4 Nc6 5. c3 Qb6 6. Be2 Nge7 7. dxc5 Qxc5 8. Be3
Qa5 9. b4 Qc7 10. Bc5 b6 11. Bd6 Qd7 12. O-O Ng6 13. Bxf8 Nxf8 14. Bd3 Ng6 15.
Bf5 exf5 16. Re1 O-O 17. h4 h5 18. Qc1 f4 19. e6 fxe6 20. Ng5 e5 21. f3 Nxh4 22.
Qc2 g6 23. b5 Qf5 24. Qxf5 Bxf5 25. bxc6 Rac8 26. Rxe5 Rfe8 27. Rxe8+ Rxe8 28.
Kf2 Kg7 29. g3 Bxb1 30. gxh4 Bd3 31. Rd1 Re2+ 32. Kg1 Bc4 33. c7 Re8 34. Ne6+
Kf7 35. Nd8+ Ke7 36. c8=Q Rxd8 37. Re1+ {Black resigns} 1-0